 Dungeon Crawl Stone Soup version 0.30-a0-772-g5528072125 (webtiles) character file.

Game seed: 1783801925227189153

273 avis the Shooter (level 5, -3/41 HPs)
             Began as a Demigod Hunter on Feb 12, 2023.
             Killed from afar by Ijyb (17 damage)
             ... with an iceblast
             ... on level 3 of the Dungeon.
             The game lasted 00:09:32 (2628 turns).

avis the Shooter (Demigod Hunter)                   Turns: 2628, Time: 00:09:32

Health: -3/41      AC:  5    Str: 12    XL:     5   Next: 72%
Magic:  7/7        EV: 12    Int: 11    God:
Gold:   311        SH:  0    Dex: 21    Spells: 4/4 levels left

rFire   . . .      SeeInvis .    a - +0 shortbow
rCold   . . .      Faith    .    (shield currently unavailable)
rNeg    . . .      Spirit   .    c - +0 leather armour
rPois   .          Reflect  .    f - +0 helmet
rElec   .          Harm     .    (no cloak)
rCorr   .          Rampage  .    e - +0 pair of gloves
Will    .....                    (no boots)
Stlth   ++                       (no amulet)
HPRegen 0.26/turn                (no ring)
MPRegen 0.10/turn                (no ring)

@: no status effects
A: high MP 1, forlorn, divine attributes
a: no special abilities


You were on level 3 of the Dungeon.
You visited 1 branch of the dungeon, and saw 3 of its levels.

You collected 311 gold pieces.

Inventory:

Hand Weapons
 a - a +0 shortbow (weapon)
 t - a +2 mace of holy wrath
Missiles
 k - 4 poisoned darts
Armour
 c - a +0 leather armour (worn)
 e - a +0 pair of gloves (worn)
 f - a +0 helmet (worn)
Wands
 s - a wand of iceblast (13)
Scrolls
 b - a scroll of immolation
 i - a scroll of poison {unknown}
 l - a scroll of silence {unknown}
 m - a scroll of amnesia {unknown}
 n - 2 scrolls of identify {unknown}
 o - a scroll of teleportation {unknown}
 p - a scroll of summoning {unknown}
 r - a scroll of vulnerability {unknown}
Potions
 d - a potion of might {unknown}
 g - a potion of degeneration {unknown}
 h - 2 potions of heal wounds {unknown}
 j - 3 potions of haste {unknown}
 q - a potion of brilliance {unknown}


   Skills:
 - Level 2.0 Fighting
 * Level 6.3 Ranged Weapons
 - Level 2.0 Dodging
 - Level 2.0 Stealth


You had 4 spell levels left.
You didn't know any spells.
Your spell library was empty.

Dungeon Overview and Level Annotations

Branches:
Dungeon (3/15)

Annotations:
D:1 Glass case with treasure.
D:3 Ijyb


Innate Abilities, Weirdness & Mutations

You have an increased reservoir of magic. (+10% MP)
You shall have no god before yourself.
Your divine heritage dramatically boosts your attributes as you level up.


Message History

You now have 297 gold pieces (gained 9).
You open the door.
There is an open door here.
You now have 311 gold pieces (gained 14).
You open the door.
There is an open door here.
Found a robe.
Ijyb the Twisted Goblin comes into view.
She is wielding a +0 dagger and carrying a wand of iceblast (10).
Fire: a) +0 shortbow
Press: ? - help, Q - select action, (/) - cycle Shift-Dir - straight line, f - Ijyb
Aim: Ijyb, wielding a +0 dagger, wearing a +0 scale mail and carrying a wand of iceblast (10) (asleep, 98% to hit)
You shoot an arrow. The arrow hits Ijyb!
Ijyb shouts!
Ijyb is moderately wounded.
Fire: a) +0 shortbow
Press: ? - help, Q - select action, (/) - cycle Shift-Dir - straight line, f/p - Ijyb
Aim: Ijyb, wielding a +0 dagger, wearing a +0 scale mail and carrying a wand of iceblast (10) (moderately wounded, 63% to hit)
You shoot an arrow. The arrow hits Ijyb but does no damage.
Ijyb is moderately wounded.
Fire: a) +0 shortbow
Press: ? - help, Q - select action, (/) - cycle Shift-Dir - straight line, f/p - Ijyb
Aim: Ijyb, wielding a +0 dagger, wearing a +0 scale mail and carrying a wand of iceblast (10) (moderately wounded, 63% to hit)
You shoot an arrow. The arrow hits Ijyb.
Ijyb is heavily wounded.
Ijyb zaps a wand.
The mass of ice explodes!
The iceblast engulfs you!!
You hear a shout!
Fire: a) +0 shortbow
Press: ? - help, Q - select action, (/) - cycle Shift-Dir - straight line, f/p - Ijyb
Aim: Ijyb, wielding a +0 dagger, wearing a +0 scale mail and carrying a wand of iceblast (9) (heavily wounded, 63% to hit)
You shoot an arrow. The arrow hits Ijyb but does no damage.
Ijyb is heavily wounded.
Ijyb zaps a wand.
The mass of ice explodes!
The iceblast engulfs you!
Fire: a) +0 shortbow
Press: ? - help, Q - select action, (/) - cycle Shift-Dir - straight line, f/p - Ijyb
Aim: Ijyb, wielding a +0 dagger, wearing a +0 scale mail and carrying a wand of iceblast (8) (heavily wounded, 63% to hit)
You shoot an arrow. The arrow hits Ijyb but does no damage.
Ijyb is heavily wounded.
Ijyb screams, "Me kill you!"
Ijyb zaps a wand.
The mass of ice explodes!
The iceblast engulfs you!
You die...

#######.#####.....#
............#.....#
#######.###.#.....#
............#.....## #
#######.##..........
[#.########.##........##
............##...#######
........######...# #....
..#####@######...###....
#.................
..######...###.... ...#
#...# #.... ..g.# #...#
#.... ...#.. .....#
#.... ###.#.# .....##
##### #.#.# #####.# ..#


You could see Ijyb.

Vanquished Creatures
  A human (D:3)
  6 adders
  3 worms (D:2)
  A dart slug (D:2)
  2 endoplasms
  2 giant cockroaches
  8 goblins
  6 hobgoblins
  4 jackals
  6 kobolds
  A quokka (D:2)
  7 ball pythons
  4 bats
  6 frilled lizards
  4 rats
61 creatures vanquished.

Notes
Turn   | Place    | Note
-------+----------+-------------------------------------------
     0 | D:1      | avis the Demigod Hunter began the quest for the Orb.
     0 | D:1      | Reached XP level 1. HP: 17/17 MP: 3/3
    43 | D:1      | Reached skill level 1 in Stealth
   350 | D:1      | Reached XP level 2. HP: 24/24 MP: 4/4
   924 | D:2      | Reached skill level 4 in Ranged Weapons
   924 | D:2      | Reached XP level 3. HP: 22/29 MP: 5/5
  1813 | D:3      | Reached XP level 4. HP: 32/36 MP: 6/6
  1933 | D:3      | Reached skill level 5 in Ranged Weapons
  1960 | D:3      | Noticed a human
  1961 | D:3      | Found a runed translucent door.
  2463 | D:3      | Killed a human
  2464 | D:3      | Reached skill level 6 in Ranged Weapons
  2464 | D:3      | Reached XP level 5. HP: 37/41 MP: 7/7
  2623 | D:3      | Noticed Ijyb
  2628 | D:3      | Killed from afar by Ijyb

Illustrated notes

Levels and vault maps discovered:
D:1:      saegor_arrival_simple_e, layout_loops_ring, due_unseen_surprise
D:2:      minmay_wonky_spiral, layout_loops_ring, minmay_split_cup_large
D:3:      layout_basic, dk_yredelemnul_ordeal, grunt_ministairs_12, uniq_ijyb

Skill      XL: |  1  2  3  4 |
---------------+-------------+-----
Stealth        | 1 2 |  2.0
Fighting       | 2 |  2.0
Dodging        | 2 |  2.0
Ranged Weapons | 4 6 |  6.3

Action                     |  1- 3 |  4- 6 || total
---------------------------+-------+-------++-------
   Fire: Shortbow          |   145 |    44 ||   189
 Armour: Leather armour    |    32 |     9 ||    41
  Dodge: Dodged            |    50 |     9 ||    59

Table legend: (Time is in decaauts)
 A = Elapsed time spent in this place.
 B = Non-inter-level travel time spent in this place.
 C = Inter-level travel time spent in this place.
 D = Time resting spent in this place.
 E = Time spent auto-exploring this place.
 F = Levels seen in this place.
 G = Mean time per level.
                   A        B        C        D        E       F      G
               +--------+--------+--------+--------+--------+-----+--------+
         Total |   2691 |   2510 |    181 |    260 |   1662 |   3 |  897.0 |
       Dungeon |   2691 |   2510 |    181 |    260 |   1662 |   3 |  897.0 |
               +--------+--------+--------+--------+--------+-----+--------+

Top non-repeatable levels by time:
     D:2: 987 daAuts
     D:1: 917 daAuts
     D:3: 786 daAuts
